 Dungeon Crawl Stone Soup version 0.18-a0-1526-gcb34c7c (webtiles) character file.

2187 Oddball22 the Destroyer (level 9, -1/45 HPs)
             Began as a Deep Elf Conjurer on Mar 8, 2016.
             Was a Priest of Vehumet.
             Shot with an arrow of flame by a centaur (5 damage)
             ... on level 6 of the Dungeon.
             The game lasted 00:23:27 (6403 turns).

Oddball22 the Destroyer (Deep Elf Conjurer)         Turns: 6403, Time: 00:23:27

Health: -1/45      AC:  7    Str:  5    XL:     9   Next: 11%
Magic:  17/23      EV: 13    Int: 24    God:    Vehumet [***...]
Gold:   265        SH:  0    Dex: 15    Spells: 7 memorised, 3 levels left

rFire  . . .     SeeInvis .     m - +3 dagger (venom)
rCold  . . .     Gourm    +     a - +0 robe
rNeg   . . .     Faith    .     (no shield)
rPois  .         Spirit   .     i - +0 helmet
rElec  .         Dismiss  .     h - +2 cloak
rCorr  .         Reflect  .     k - +0 pair of gloves
SustAt .         Harm     .     (no boots)
MR     .....                    q - amulet of the gourmand
Stlth  ++........               (no ring)
                                (no ring)

@: not resistant to hostile enchantments, unstealthy
A: no striking features
a: Renounce Religion


You were on level 6 of the Dungeon.
You worshipped Vehumet.
Vehumet was most pleased with you.
You were completely stuffed.

You visited 1 branch of the dungeon, and saw 6 of its levels.
You also visited: Sewer.

You collected 265 gold pieces.

Inventory:

Hand Weapons
 m - a +3 dagger of venom (weapon)
 L - a +0 vampiric trident
Armour
 a - a +0 robe (worn)
 h - a +2 cloak (worn)
 i - a +0 helmet (worn)
 k - a +0 pair of gloves (worn)
Magical Staves
 u - an uncursed staff of cold
Jewellery
 q - an amulet of the gourmand (around neck)
Wands
 p - a wand of hasting (4/9)
 r - a wand of flame (0/48)
 x - a wand of flame (24/48)
 B - a wand of acid (7/15)
Scrolls
 e - 5 scrolls of magic mapping {unknown}
 j - a scroll of enchant weapon {unknown}
 l - 4 scrolls of teleportation {unknown}
 n - a scroll of immolation {unknown}
 o - 2 scrolls of blinking {unknown}
 y - a scroll of identify {unknown}
 G - a scroll of fog {unknown}
 H - a scroll of recharging {unknown}
 I - 4 scrolls of random uselessness {unknown}
 K - a scroll of remove curse {unknown}
Potions
 d - 3 potions of lignification {unknown}
 f - 2 potions of berserk rage {unknown}
 g - 2 potions of degeneration {unknown}
 t - 3 potions of heal wounds {unknown}
 v - 4 potions of curing
 D - 4 potions of resistance {unknown}
 E - 4 potions of might {unknown}
 F - 3 potions of magic {unknown}
 J - a potion of agility {unknown}
Books
 b - a book of Conjurations

   Spells                             Type                      Level
   a - Magic Dart                     Conjuration                  1
   b - Searing Ray                    Conjuration                  2
   c - Dazzling Spray                 Conjuration/Hexes            3
   d - Fulminant Prism                Conjuration/Hexes            4
   e - Iskenderun's Mystic Blast      Conjuration                  4
   f - Iskenderun's Battlesphere      Conjuration/Charms           5
 z - a book of Dreams

   Spells                             Type                      Level
   a - Ensorcelled Hibernation        Hexes/Ice                    2
   b - Silence                        Hexes/Air                    5
   c - Darkness                       Hexes                        6
   d - Shadow Creatures               Summoning                    6
Comestibles
 c - 6 bread rations
 s - a slice of pizza
 w - 5 meat rations
 A - 6 chunks of flesh
 C - a beef jerky


   Skills:
 - Level 2.4 Dodging
 - Level 2.4 Stealth
 - Level 8.8 Spellcasting
 * Level 10.2 Conjurations
 + Level 5.0 Hexes
 + Level 5.9 Charms


You had 3 spell levels left.
You knew the following spells:

 Your Spells              Type           Power        Failure   Level  Hunger
a - Magic Dart            Conj           ####         1%          1    None
b - Searing Ray           Conj           ######       1%          2    None
c - Dazzling Spray        Conj/Hex       #####...     1%          3    None
d - Iskenderun's Mystic   Conj           ######..     1%          4    ##.....
e - Fulminant Prism       Conj/Hex       #####.....   1%          4    ##.....
f - Iskenderun's Battles  Conj/Chrm      #####...     2%          5    ####...
g - Conjure Flame         Conj/Fire      #####...     1%          3    None


Dungeon Overview and Level Annotations

Branches:
Dungeon (6/15)             Temple (0/1) D:4

Altars:
Ashenzari
Makhleb
Okawaru
Sif Muna
Vehumet
Zin

Shops:
D:4 *   D:6 (


Message History

The centaur shoots an arrow of flame.
The arrow of flame completely misses you.
Drink which item? (? for menu, Esc to quit)
It was a potion of curing.
You feel better.
Casting: Magic Dart
Confirm with . or Enter, or press ? or * to list all spells.
You can't see any susceptible monsters within range! (Use Z to cast anyway.)
Casting: Magic Dart
Confirm with . or Enter, or press ? or * to list all spells.
You can't see any susceptible monsters within range! (Use Z to cast anyway.)
Casting: Magic Dart
Confirm with . or Enter, or press ? or * to list all spells.
Aiming: Searing Ray
Press: ? - help, Shift-Dir - straight line The searing ray hits the centaur.
The centaur is moderately wounded.
The centaur shoots an arrow of flame.
The arrow of flame hits you!
* * * LOW HITPOINT WARNING * * *
The arrow of flame burns you.
You die...

##### ...... ......###
..).....## ..)....((##
...).....(## ####
.......c...## #..[##
........#...## .....##
........##@..####.......
.......####...##........
......# ###...........
.....# #####..........
.c.# ###.####.........
..# ##....####........
#......##.........
#......#...#......
#.........##......


You could see a centaur.

Vanquished Creatures
  Grinder (D:3)
  The ghost of iroha the Caller, an amateur DsWn of Dithmenos (D:4)
  2 ice beasts
  2 sky beasts
  2 centaurs (D:6)
  3 giant frogs
  A gnoll sergeant (D:6)
  A howler monkey (D:6)
  3 crimson imps
  A jelly (D:5)
  An orc priest (D:6)
  3 hounds
  A centaur skeleton (D:5)
  Terence (D:3)
  An iguana (D:6)
  An orc wizard (D:6)
  4 worker ants
  A hound zombie (D:6)
  Robin (D:3)
  11 gnolls
  A howler monkey skeleton (D:5)
  16 adders
  3 river rats (Sewer)
  A shadow imp (D:5)
  2 oozes
  4 worms
  2 dart slugs (D:1)
  5 giant geckos
  18 orcs
  8 bats
  4 giant cockroaches
  12 hobgoblins
  11 jackals
  3 quokkas
  12 ball pythons (Sewer)
  A ball python skeleton (D:4)
  A giant gecko skeleton (D:5)
  5 giant newts
  16 goblins
  2 jackal skeletons (D:4)
  8 kobolds
  35 rats
212 creatures vanquished.

Vanquished Creatures (others)
  3 fulminant prisms (D:6)
3 creatures vanquished.

Grand Total: 215 creatures vanquished

Notes
Turn   | Place    | Note
--------------------------------------------------------------
     0 | D:1      | Oddball22 the Deep Elf Conjurer began the quest for the Orb.
     0 | D:1      | Reached XP level 1. HP: 10/10 MP: 6/6
   268 | D:1      | Reached XP level 2. HP: 15/15 MP: 0/8
   577 | D:1      | Reached skill level 5 in Conjurations
   905 | D:1      | Reached XP level 3. HP: 19/19 MP: 8/10
  1353 | D:1      | Learned a level 2 spell: Searing Ray
  1357 | D:1      | Learned a level 3 spell: Dazzling Spray
  1465 | D:2      | Reached XP level 4. HP: 24/24 MP: 1/11
  1832 | D:2      | Reached skill level 6 in Conjurations
  2100 | D:2      | Learned a level 4 spell: Iskenderun's Mystic Blast
  2287 | D:3      | Noticed Grinder
  2335 | D:3      | Reached XP level 5. HP: 28/28 MP: 6/13
  2408 | D:3      | Paralysed by Grinder for 6 turns
  2419 | D:3      | Killed Grinder
  2419 | D:3      | Reached skill level 5 in Spellcasting
  2419 | D:3      | Reached skill level 7 in Conjurations
  2419 | D:3      | Reached XP level 6. HP: 19/32 MP: 3/16
  2547 | D:3      | Learned a level 4 spell: Fulminant Prism
  2618 | D:3      | Found an iron altar of Okawaru.
  2697 | D:3      | Noticed Robin
  2704 | D:3      | Killed Robin
  3018 | D:3      | Noticed Terence
  3028 | D:3      | Killed Terence
  3140 | D:3      | Found a radiant altar of Vehumet.
  3142 | D:3      | Found a burning altar of Makhleb.
  3156 | D:3      | Became a worshipper of Vehumet
  3373 | D:4      | Found a staircase to the Ecumenical Temple.
  3474 | D:4      | Found Zin's Purification Station.
  3479 | D:4      | Found a glowing silver altar of Zin.
  3489 | D:4      | Noticed iroha's ghost (amateur DsWn)
  3499 | D:4      | Killed iroha's ghost
  3499 | D:4      | Reached skill level 8 in Conjurations
  3499 | D:4      | Reached XP level 7. HP: 25/36 MP: 6/19
  3611 | D:4      | Learned a level 5 spell: Iskenderun's Battlesphere
  3760 | D:4      | Found a shattered altar of Ashenzari.
  4144 | D:5      | Entered Level 5 of the Dungeon
  4170 | D:5      | Reached skill level 1 in Hexes
  4170 | D:5      | Reached skill level 1 in Charms
  4592 | D:5      | Reached * piety under Vehumet
  4592 | D:5      | Offered knowledge of Shock by Vehumet.
  4743 | D:5      | Found a glowing drain.
  4759 | Sewer    | Entered a sewer
  4969 | Sewer    | Reached ** piety under Vehumet
  4969 | Sewer    | Offered knowledge of Throw Frost by Vehumet.
  4971 | Sewer    | Reached XP level 8. HP: 41/41 MP: 16/21
  5182 | Sewer    | Offered knowledge of Mephitic Cloud by Vehumet.
  5182 | Sewer    | Reached skill level 9 in Conjurations
  6007 | D:6      | Found a deep blue altar of Sif Muna.
  6068 | D:6      | Reached *** piety under Vehumet
  6114 | D:6      | Reached skill level 5 in Charms
  6124 | D:6      | Found Saubouf's Antique Weapon Boutique.
  6283 | D:6      | Reached XP level 9. HP: 35/45 MP: 20/23
  6318 | D:6      | Offered knowledge of Conjure Flame by Vehumet.
  6318 | D:6      | Reached skill level 10 in Conjurations
  6324 | D:6      | Learned a level 3 spell: Conjure Flame
  6379 | D:6      | Reached skill level 5 in Hexes
  6403 | D:6      | Shot with an arrow of flame by a centaur

Vault maps used:
D:1:      sevenhm_arrival_forest_fort_small_5
D:3:      grunt_temple_overflow_lords_of_destruction, lemuel_crystal_altar,
          first_bread, serial_bayou_lake_a, uniq_terence, uniq_grinder,
          uniq_robin
D:4:      ashenzari_altar_1, zin_purify, minmay_temple_entry_hall
D:5:      gup_sewer_entry_bubbles
D:6:      kennysheep_mini, serial_shops, kennysheep_mini_moat
Sewer:    sewer_minmay_w

Skill      XL: |  1  2  3  4  5  6  7  8  9 |
---------------+----------------------------+-----
Conjurations   | 5 6 7 8 9 10 | 10.2
Spellcasting   | 4 5 6 7 8 |  8.8
Hexes          | 2 4 5 |  5.0
Charms         | 2 5 |  5.9
Dodging        | |  2.4
Stealth        | |  2.4

Action                   |  1- 3 |  4- 6 |  7- 9 || total
-------------------------+-------+-------+-------++-------
Melee: Unarmed           |    19 |       |       ||    19
       Dagger            |       |     5 |       ||     5
 Cast: Magic Dart        |    77 |   100 |   256 ||   433
       Searing Ray       |       |     8 |    21 ||    29
       Fulminant Prism   |       |       |     3 ||     3
  Use: Potion            |       |       |     1 ||     1
  Eat: Chunk             |     2 |     9 |    15 ||    26
